 Dungeon Crawl Stone Soup version 0.30-a0-476-g330ca2eb8e (webtiles) character file.

Game seed: 13541080086627687694

37 Zonian the Chiller (level 3, -1/16 HPs)
             Began as a Vine Stalker Ice Elementalist on Dec 22, 2022.
             Slain by a gnoll
             ... wielding a +0 halberd
              (7 damage)
             ... on level 2 of the Dungeon.
             The game lasted 00:01:39 (1695 turns).

Zonian the Chiller (Vine Stalker Ice Elementalist)  Turns: 1695, Time: 00:01:39

Health: -1/16      AC:  2    Str: 10    XL:     3   Next: 39%
Magic:  0/8        EV: 12    Int: 17    God:
Gold:   80         SH:  0    Dex: 14    Spells: 6/7 levels left

rFire   . . .      SeeInvis .    i - +0 short sword
rCold   . . .      Faith    .    (no shield)
rNeg    . . .      Spirit   +    a - +0 robe
rPois   .          Reflect  .    (no helmet)
rElec   .          Harm     .    (no cloak)
rCorr   .          Rampage  .    (no gloves)
Will    .....                    (no boots)
Stlth   ++........               (no amulet)
HPRegen 0.22/turn                (no ring)
MPRegen 0.11/turn                (no ring)

@: no status effects
A: fangs 2, magic shield, antimagic bite, no potion heal 2
a: no special abilities


You were on level 2 of the Dungeon.
You visited 1 branch of the dungeon, and saw 2 of its levels.

You collected 80 gold pieces.

Inventory:

Hand Weapons
 i - a +0 short sword (weapon)
 l - a +0 hand axe
Armour
 a - a +0 robe (worn)
Scrolls
 c - 2 scrolls of amnesia {unknown}
 f - a scroll of silence {unknown}
 g - 2 scrolls of identify {unknown}
 h - 2 scrolls of teleportation {unknown}
Potions
 d - a potion of attraction {unknown}
 e - a potion of lignification {unknown}
 j - a potion of might {unknown}
 k - a potion of heal wounds {unknown}
 m - 3 potions of brilliance {unknown}


   Skills:
 + Level 2.0 Dodging
 + Level 3.1 Stealth
 + Level 2.6 Spellcasting
 + Level 4.3 Ice Magic


You had 6 spell levels left.
You knew the following spells:

 Your Spells              Type           Power      Damage    Failure   Level
a - Freeze                Ice            64%        1d7       3%          1

Your spell library contained the following spells:

 Spells                   Type           Power      Damage    Failure   Level
 Frozen Ramparts          Ice            32%        1d5       10%         3
 Ozocubu's Armour         Ice            16%        N/A       10%         3
 Foxfire                  Conj/Fire      8%         2x1d4     19%         1
 Summon Ice Beast         Ice/Summ       9%         N/A       58%         4
 Fireball                 Conj/Fire      1%         3d3       99%         5
 Starburst                Conj/Fire      1%         6d3       100%        6


Dungeon Overview and Level Annotations

Branches:
Dungeon (2/15)

Altars:
Ru


Innate Abilities, Weirdness & Mutations

You have extremely sharp teeth.
When hurt, damage is shared between your health and your magic reserves.
Your bite disrupts and absorbs the magic of your enemies.
Potions cannot restore your health.


Message History

Unknown command.
The endoplasm quivers.
You hit the endoplasm. Your bite misses the endoplasm.
The endoplasm is heavily wounded.
The endoplasm freezes you.
You are frozen.
You freeze the endoplasm.
You kill the endoplasm!
You can't see any susceptible monsters within range! (Use Z to cast anyway.) Unknown command.
The helpless quokka fails to defend itself.
You puncture the quokka!
You kill the quokka!
You can't see any susceptible monsters within range! (Use Z to cast anyway.)
You can't see any susceptible monsters within range! (Use Z to cast anyway.) Unknown command.
HP restored.
You pick up a book of Fire and begin reading...
You add the spells Foxfire, Fireball and Starburst to your library.
A ball python comes into view.
Unknown command.
You now have 80 gold pieces (gained 13).
There are no items here.
A frilled lizard comes into view.
A frilled lizard is nearby!
Unknown command.
A gnoll comes into view. It is wielding a +0 club.
Found a ring mail. 2 gnolls come into view.
The gnoll shouts!
The gnoll shouts!
The frilled lizard hisses angrily.
You freeze the gnoll.
The gnoll is lightly wounded.
The gnoll hits you with a +0 flail! The frilled lizard bites you.
The gnoll hits you with a +0 club.
Unknown command.
Magic courses through your body. The gnoll hits you with a +0 flail.
The frilled lizard bites you.
The gnoll hits you from afar with a +0 halberd!
You die...

#. #.######.### ###
#.##...........
..#######............#
###.#...#.##..#
#####.#
..............# ###.#
####...#####.## #....
####.## #..# #....
##....# ##.# #....
#....@# #.# #....
......lgg# #.# #....
###....g.# #.# ##.##
##...#.# #.# ###.##
##.# .# #.# #..... #.
.# #.###.###. #. .#
#.....# #. #. .#
#####.###. #.....


You could see 3 gnolls and a frilled lizard.

Vanquished Creatures
  An adder (D:2)
  3 ball pythons
  4 bats
  2 endoplasms
  2 goblins
  4 hobgoblins
  2 kobolds
  3 quokkas
  2 frilled lizards (D:2)
  A rat (D:1)
24 creatures vanquished.

Notes
Turn   | Place    | Note
-------+----------+-------------------------------------------
     0 | D:1      | Zonian the Vine Stalker Ice Elementalist began the quest
                  | for the Orb.
     0 | D:1      | Reached XP level 1. HP: 9/9 MP: 4/4
   451 | D:1      | Reached XP level 2. HP: 8/13 MP: 1/6
  1318 | D:2      | Found a sacrificial altar of Ru.
  1322 | D:2      | Reached XP level 3. HP: 16/16 MP: 4/7
  1695 | D:2      | Slain by a gnoll

Illustrated notes

Levels and vault maps discovered:
D:1:      arrival_zaba_pyramid, layout_loops_corners
D:2:      minmay_evil_eye, layout_loops_ring, basic_altar,
          nicolae_shop_vocational

Skill      XL: |  1  2 |
---------------+-------+-----
Dodging        | 2 |  2.0
Stealth        | 3 |  3.1
Spellcasting   | |  2.6
Ice Magic      | |  4.3

Action                   || total
-------------------------++-------
Melee: Unarmed           ||     4
       Bite              ||     3
       Short sword       ||     8
 Cast: Freeze            ||    35
  Use: Potion            ||     1
 Stab: Sleeping          ||     2
Armor: Robe              ||     8
Dodge: Dodged            ||    25

Table legend: (Time is in decaauts)
 A = Elapsed time spent in this place.
 B = Non-inter-level travel time spent in this place.
 C = Inter-level travel time spent in this place.
 D = Time resting spent in this place.
 E = Time spent auto-exploring this place.
 F = Levels seen in this place.
 G = Mean time per level.
                   A        B        C        D        E       F      G
               +--------+--------+--------+--------+--------+-----+--------+
         Total |   1694 |   1684 |     10 |    146 |   1356 |   2 |  847.0 |
       Dungeon |   1694 |   1684 |     10 |    146 |   1356 |   2 |  847.0 |
               +--------+--------+--------+--------+--------+-----+--------+

Top non-repeatable levels by time:
     D:1: 1111 daAuts
     D:2: 582 daAuts
